 Dungeon Crawl Stone Soup version 0.30-a0-782-ge64f9170bb (webtiles) character file.

Game seed: 3587166779623068583

18 theswoord the Shooter (level 2, -5/16 HPs)
             Began as a Deep Elf Hunter on Mar 14, 2023.
             Slain by Natasha (7 damage)
             ... on level 2 of the Dungeon.
             The game lasted 00:00:30 (586 turns).

theswoord the Shooter (Deep Elf Hunter)              Turns: 586, Time: 00:00:31

Health: -5/16      AC:  3    Str:  8    XL:     2   Next: 48%
Magic:  4/4        EV: 12    Int: 13    God:
Gold:   44         SH:  0    Dex: 18    Spells: 1/1 levels left

rFire   . . .      SeeInvis .    a - +0 shortbow
rCold   . . .      Faith    .    (shield currently unavailable)
rNeg    . . .      Spirit   .    c - +0 leather armour
rPois   .          Reflect  .    (no helmet)
rElec   .          Harm     .    (no cloak)
rCorr   .          Rampage  .    (no gloves)
Will    .....                    (no boots)
Stlth   ++                       (no amulet)
HPRegen 0.22/turn                (no ring)
MPRegen 0.09/turn                (no ring)

@: slowed, very slow
A: no striking features
a: no special abilities


You were on level 2 of the Dungeon.
You visited 1 branch of the dungeon, and saw 2 of its levels.

You collected 44 gold pieces.

Inventory:

Hand Weapons
 a - a +0 shortbow (weapon)
Armour
 c - a +0 leather armour (worn)
Scrolls
 b - a scroll of immolation
Potions
 f - 2 potions of attraction
 g - a potion of cancellation


   Skills:
 - Level 1.5 Fighting
 + Level 6.3 Ranged Weapons
 - Level 2.4 Dodging
 - Level 1.2 Stealth


You had one spell level left.
You didn't know any spells.
Your spell library was empty.

Dungeon Overview and Level Annotations

Branches:
Dungeon (2/15)

Altars:

Annotations:
D:2 Natasha


Message History

(D) Dungeon
Where to? (? - help)
There is a stone staircase leading down here.
You climb downwards.
Found a stone staircase leading down.
There is a stone staircase leading up here.
As you read the scroll labelled ORAFUE YWUAF, it crumbles to dust.
You assume a fearsome visage.
Nothing appears to happen.
It was a scroll of fear.
As you read the scroll labelled SIME ROFFEBY, it crumbles to dust.
It is a scroll of identify.
f - 2 potions of attraction
As you read the scroll of identify, it crumbles to dust.
g - a potion of cancellation Natasha, Servant of Life and Death comes into view.
Found a leather armour.
Natasha hisses angrily.
Natasha casts a spell at you. The magic dart hits you.
Natasha is nearby!
Natasha is nearby!
You shoot an arrow. The arrow hits Natasha.
You shoot an arrow. The arrow hits Natasha.
Natasha mumbles some strange words.
You feel disoriented. Natasha casts a spell at you.
You feel yourself slow down.
You shoot an arrow. The arrow barely misses Natasha.
You shoot an arrow. The arrow hits Natasha.
Natasha mumbles some strange words.
Natasha casts a spell at you. The magic dart hits you!
Ouch! That really hurt!
* * * LOW HITPOINT WARNING * * *
You shoot an arrow. The arrow barely misses Natasha.
Natasha claws you.
* * * LOW HITPOINT WARNING * * *
You shoot an arrow. The arrow hits Natasha.
Natasha stares at you and mumbles some strange words.
You resist with significant effort.
The crimson imp blinks!
You shoot an arrow. The arrow barely misses Natasha.
Natasha claws you!
You die...

..[ ... .....
.####
.#..#.!.#.#
..........#
......#ยง..###.#
.............
......h...#
......#@..#
..........#
.#5.#.....#
.......##.####+#
......##<......#
####.. ##.######
#.. .... #..
##.### #. .>.


You could see Natasha and a crimson imp (summoned).

Vanquished Creatures
  A bat (D:1)
  2 endoplasms (D:1)
  2 goblins (D:1)
  3 hobgoblins (D:1)
  2 kobolds (D:1)
  A quokka (D:1)
  3 frilled lizards (D:1)
  A rat (D:1)
15 creatures vanquished.

Notes
Turn   | Place    | Note
-------+----------+-------------------------------------------
     0 | D:1      | theswoord the Deep Elf Hunter began the quest for the Orb.
     0 | D:1      | Reached XP level 1. HP: 12/12 MP: 3/3
   141 | D:1      | Reached XP level 2. HP: 16/16 MP: 4/4
   146 | D:1      | Reached skill level 6 in Ranged Weapons
   579 | D:2      | Noticed Natasha
   584 | D:2      | Noticed a crimson imp
   586 | D:2      | Slain by Natasha

Skill      XL: |  1  2 |
---------------+-------+-----
Ranged Weapons | 6 |  6.3
Fighting       | |  1.5
Dodging        | |  2.4
Stealth        | |  1.2

Action                     || total
---------------------------++-------
   Fire: Shortbow          ||    32
    Use: Scroll            ||     3

Levels and vault maps discovered:
D:1:      minmay_arrival_shoal_huts, layout_loops_ring
D:2:      layout_basic, shapermc_ecumenical_altar_rom_forum, serial_shops,
          nicolae_shop_crystal, corexii_corridor_pit, minmay_misc_feat_plants,
          uniq_jessica, uniq_robin, uniq_natasha
